AoeStats
← SeemsFishy

Oasis

509879128Analyzed
4v4 RM · 3d ago on Sep 28, 2026· 28m 38s· 8 players
Game mode
Random Map
Map size
Large (8 player)
Population
200
Speed
Normal
Resources
Standard
Victory
Conquest
Starting age
Dark Age
Ending age
Imperial Age
RankedLock teamsTeams togetherTeam positionsShared explorationLock speedFull tech treeHidden civsTurbo modeCheats
Victory
Defeat
🇬🇧 Hindustanis · United Kingdom
1423
+14
🇦🇷 Saracens · Argentina
1414
+14
🇨🇳 Magyars · China
1411
+14
🇹🇼 Danes · Taiwan
1335
+19
🇬🇧 Koreans · United Kingdom
1414
-17
🇦🇹 Turks · Austria
1388
-16
🇮🇱 Inca · Israel
1351
-14
🇮🇹 Sicilians · Italy
1345
-14
IRON MIKE
8:40 Feudal Age
9:49 Loom
10:54 Scale Barding Armor
13:41 Bloodlines
14:26 Scale Barding Armor
18:30 Gold Mining
18:27 Double-Bit Axe
22:13 Castle Age
23:21 Chain Barding Armor
23:45 Husbandry
26:23 Forging
26:33 Bow Saw
28:03 Horse Collar
SeemsFishy
7:10 Loom
9:28 Feudal Age
10:05 Double-Bit Axe
11:23 Town Watch
13:07 Gold Mining
13:18 Fletching
18:27 Gold Mining
26:41 Castle Age
26:44 Crossbowman
27:57 Bodkin Arrow
Mike
9:43 Feudal Age
9:09 Loom
10:32 Double-Bit Axe
10:31 Horse Collar
11:45 Champi Runner
17:29 Scale Mail Armor
20:13 Forging
27:14 Castle Age
26:42 Wheelbarrow
27:46 Champi Warrior
27:48 Pikeman
Mako
8:54 Loom
10:59 Feudal Age
12:15 Double-Bit Axe
14:20 Fletching
22:14 Castle Age
22:52 Bodkin Arrow
23:05 Crossbowman
Mllento
4:13 Loom
7:17 Loom
9:39 Feudal Age
10:23 Double-Bit Axe
15:27 Scale Barding Armor
19:35 Wheelbarrow
19:33 Bloodlines
19:56 Horse Collar
26:10 Castle Age
24:06 Gold Mining
25:57 Town Watch
26:13 Light Cavalry
26:54 Husbandry
27:15 Chain Barding Armor
Imrik
6:53 Loom
9:05 Feudal Age
9:33 Double-Bit Axe
12:54 Fletching
14:54 Padded Archer Armor
18:21 Horse Collar
20:18 Wheelbarrow
24:32 Castle Age
23:43 Gold Mining
24:48 Crossbowman
25:24 Bodkin Arrow
25:54 Thumb Ring
28:41 Ballistics
李天尊
6:34 Loom
9:28 Feudal Age
9:34 Man-at-Arms
12:51 Arson
14:08 Horse Collar
17:53 Wheelbarrow
18:48 Double-Bit Axe
25:27 Castle Age
24:18 Scale Barding Armor
25:28 Bloodlines
25:43 Forging
26:46 Scale Mail Armor
27:09 Chain Barding Armor
28:37 Iron Casting
Mothy
3:21 Loom
9:55 Feudal Age
10:32 Horse Collar
10:38 Double-Bit Axe
20:08 Castle Age
18:41 Scale Barding Armor
19:23 Bloodlines
20:02 Forging
20:23 Light Cavalry
21:31 Chain Barding Armor
Connection lost

Rejoining the realm…

Still unreachable

The connection could not be restored.

Session expired

The server has moved on; the page needs a fresh start.